 Dungeon Crawl Stone Soup version 0.27-a0-1196-g3e9cee4cb2 (webtiles) character file.

Game seed: 8362618081553344848

145 ICC the Covered (level 5, 0/45 HPs)
             Began as a Vine Stalker Fighter on May 29, 2021.
             Succumbed to a gnoll sergeant's poison
             ... on level 3 of the Dungeon.
             The game lasted 00:05:18 (1588 turns).

ICC the Covered (Vine Stalker Fighter)              Turns: 1588, Time: 00:05:19

Health: 0/45       AC: 26    Str: 19    XL:     5   Next: 27%
Magic:  4/7        EV:  2    Int:  9    God:
Gold:   53         SH:  0    Dex: 13    Spells: 6/6 levels left

rFire    . . .     SeeInvis .   a - +0 rapier
rCold    . . .     Faith    .   (no shield)
rNeg     + + +     Spirit   +   (armour currently unavailable)
rPois    +         Reflect  .   (helmet currently unavailable)
rElec    .         Harm     .   (cloak currently unavailable)
rCorr    .         Rampage  .   (gloves currently unavailable)
Will     .....     NoTele   +   (boots currently unavailable)
Stlth    +.........             (no amulet)
HPRegen  1.15/turn              s - +4 ring of slaying
MPRegen  0.10/turn              q - +4 ring of protection

@: mighty, brilliant, lethally poisoned (0 -> -1), tree-form
A: stationary, stasis, torment immunity, boosted hp, (fangs 2), regeneration 1,
magic shield, (antimagic bite), no potion heal 2, robust 1
a: no special abilities


You were on level 3 of the Dungeon.
You were a tree.
You visited 1 branch of the dungeon, and saw 3 of its levels.

You collected 53 gold pieces.

Inventory:

Hand Weapons
 a - a +0 rapier (weapon)
Missiles
 m - 28 poisoned darts (quivered)
Armour
 b - a +0 scale mail (melded)
Jewellery
 q - a +4 ring of protection (right branch)
 s - a +4 ring of slaying (left branch)
Scrolls
 e - a scroll of magic mapping {unknown}
 h - a scroll of holy word {unknown}
 i - a scroll of fear {unknown}
 j - a scroll of enchant armour {unknown}
 l - a scroll of enchant weapon {unknown}
 n - a scroll of identify {unknown}
 p - a scroll of amnesia {unknown}
Potions
 c - 2 potions of heal wounds
 o - a potion of ambrosia {unknown}
 r - a potion of flight {unknown}


   Skills:
 + Level 3.2 Fighting
 * Level 3.1 Short Blades
 * Level 3.2 Armour
 + Level 1.0 Dodging
 - Level 2.6 Shields
 + Level 1.2 Spellcasting


You had 6 spell levels left.
You didn't know any spells.
Your spell library was empty.

Dungeon Overview and Level Annotations

Branches:
Dungeon (3/15)

Altars:


Innate Abilities, Weirdness & Mutations

You are a tree.
Your roots penetrate the ground, keeping you stationary.
You cannot be teleported.
You are immune to unholy pain and torment.
Your maximum health is greatly increased.
Your equipment is partially melded.
((You have extremely sharp teeth.))
Your natural rate of healing is unusually fast.
When hurt, damage is shared between your health and your magic reserves.
((Your bite disrupts and absorbs the magic of your enemies.))
Potions cannot restore your health.
You are robust. (+10% HP)


Message History

The quokka bites you but does no damage. x2
You barely miss the quokka. Your bite misses the quokka.
The quokka is severely wounded.
The quokka bites you but does no damage.
You closely miss the quokka. You bite the quokka.
You kill the quokka!
You hit the gnoll sergeant. The gnoll sergeant blocks your attack.
The gnoll sergeant is lightly wounded.
The gnoll sergeant barely misses you.
You puncture the gnoll sergeant! You bite the gnoll sergeant.
You drain its power.
The gnoll sergeant is almost dead.
The gnoll sergeant hits you with a +3 spear of venom!
* * * LOW HITPOINT WARNING * * *
You are lethally poisoned!
You hit the gnoll sergeant.
The gnoll sergeant is almost dead.
* * * LOW HITPOINT WARNING * * *
You feel very sick. The gnoll sergeant closely misses you.
You hit the gnoll sergeant.
You kill the gnoll sergeant!
* * * LOW HITPOINT WARNING * * *
You feel very sick.
Your Short Blades skill increases to level 3!
Your Dodging skill increases to level 1!
Your Spellcasting skill increases to level 1!
You have reached level 5!
It was a potion of lignification.
You turn into a tree.
Your +0 scale mail melds into your body.
Your roots penetrate the ground.
* * * LOW HITPOINT WARNING * * *
You feel sick. The gnoll barely misses you.
It was a potion of brilliance.
You feel clever all of a sudden.
* * * LOW HITPOINT WARNING * * *
You feel sick. The gnoll completely misses you.
It was a potion of mutation.
You feel extremely strange.
You feel less energetic.
You feel more energetic.
You feel robust.
You die...

#.#.#####....
#............
#.....#######
#..##.# #..##.#
#..##.# #...#.#
#..#..#
##♣###.########
#g## ##........
##.###.)...#
#..#.)#.#.#
#g#.....#
#g#...###
#g#g..# #.....#
#......#


You could see a gnoll.

Vanquished Creatures
  A gnoll sergeant (D:3)
  A gnoll (D:3)
  2 adders
  2 dart slugs (D:2)
  7 ball pythons
  3 bats
  A giant cockroach (D:1)
  7 goblins
  7 hobgoblins
  3 jackals (D:1)
  3 quokkas
  6 frilled lizards
  3 kobolds
  7 rats
53 creatures vanquished.

Notes
Turn   | Place    | Note
-------+----------+-------------------------------------------
     0 | D:1      | ICC the Vine Stalker Fighter began the quest for the Orb.
     0 | D:1      | Reached XP level 1. HP: 11/11 MP: 2/2
    76 | D:1      | Reached XP level 2. HP: 4/16 MP: 3/3
   274 | D:1      | Reached XP level 3. HP: 6/19 MP: 2/4
   524 | D:1      | Found a faded altar of an unknown god.
  1103 | D:2      | Gained mutation: Your natural rate of healing is unusually
                  | fast. [Vine Stalker growth]
  1103 | D:2      | Reached XP level 4. HP: 21/24 MP: 6/6
  1557 | D:3      | Noticed a gnoll sergeant
  1570 | D:3      | HP: 1/24 [poisoned by a gnoll sergeant]
  1585 | D:3      | Killed a gnoll sergeant
  1586 | D:3      | Reached skill level 1 in Dodging
  1586 | D:3      | Reached skill level 1 in Spellcasting
  1586 | D:3      | Reached XP level 5. HP: 2/28 MP: 3/7
  1586 | D:3      | HP: 2/42 [poisoned by a gnoll sergeant]
  1588 | D:3      | Gained mutation: Your magical capacity is low. (-10% MP)
                  | [potion of mutation]
  1588 | D:3      | Lost mutation: Your magical capacity is low. (-10% MP)
                  | [potion of mutation]
  1588 | D:3      | Gained mutation: You are robust. (+10% HP) [potion of
                  | mutation]
  1588 | D:3      | Succumbed to a gnoll sergeant's poison

Illustrated notes

Levels and vault maps discovered:
D:1:      lemuel_arrival_funnel, layout_basic,
          hellmonk_ecumenical_altar_heavens_door, minmay_fountain_box,
          minivault_14
D:2:      layout_rooms
D:3:      minmay_recursive_quarters, layout_loops_ring

Skill      XL: |  1  2  3  4 |
---------------+-------------+-----
Short Blades   | 2 3 |  3.1
Fighting       | 3 |  3.2
Armour         | 3 |  3.2
Dodging        | 1 |  1.0
Spellcasting   | 1 |  1.2
Shields        | |  2.6

Action                   |  1- 3 |  4- 6 || total
-------------------------+-------+-------++-------
Melee: Rapier            |   114 |    33 ||   147
       Bite              |    25 |     9 ||    34
  Use: Potion            |       |     5 ||     5
Armor: Scale mail        |    52 |    17 ||    69
Dodge: Dodged            |    49 |    20 ||    69

Table legend: (Time is in decaauts)
 A = Elapsed time spent in this place.
 B = Non-inter-level travel time spent in this place.
 C = Inter-level travel time spent in this place.
 D = Time resting spent in this place.
 E = Time spent auto-exploring this place.
 F = Levels seen in this place.
 G = Mean time per level.
                   A        B        C        D        E       F      G
               +--------+--------+--------+--------+--------+-----+--------+
         Total |   1598 |   1570 |     28 |      0 |   1219 |   3 |  532.7 |
       Dungeon |   1598 |   1570 |     28 |      0 |   1219 |   3 |  532.7 |
               +--------+--------+--------+--------+--------+-----+--------+

Top non-repeatable levels by time:
     D:1: 996 daAuts
     D:2: 374 daAuts
     D:3: 228 daAuts
